 Dungeon Crawl Stone Soup version 0.28-a0-932-g843f935a50 (webtiles) character file.

Game seed: 517646201597475872

36 bjarki66 the Grave Robber (level 3, 0/25 HPs)
             Began as a Demonspawn Necromancer on Nov 28, 2021.
             Slain by a black bear (5 damage)
             ... on level 3 of the Dungeon.
             The game lasted 00:23:31 (1983 turns).

bjarki66 the Grave Robber (Demonspawn Necromancer)  Turns: 1983, Time: 00:23:32

Health: 0/25       AC:  4    Str:  8    XL:     3   Next: 19%
Magic:  0/6        EV: 12    Int: 17    God:
Gold:   63         SH:  0    Dex: 13    Spells: 2/6 levels left

rFire   . . .      SeeInvis .   b - +0 hand axe
rCold   . . .      Faith    .   (no shield)
rNeg    . . .      Spirit   .   a - +0 robe
rPois   .          Reflect  .   (helmet restricted)
rElec   .          Harm     .   (no cloak)
rCorr   .          Rampage  .   (no gloves)
Will    .....                   (no boots)
Stlth   ++........              (no amulet)
HPRegen 0.08/turn               (no ring)
MPRegen 0.10/turn               (no ring)

@: no status effects
A: antennae 1, icy blue scales 1
a: no special abilities


You were on level 3 of the Dungeon.
You visited 1 branch of the dungeon, and saw 4 of its levels.

You collected 63 gold pieces.

Inventory:

Hand Weapons
 b - a +0 hand axe (weapon)
 c - a +0 short sword
 f - a +0 rapier
Missiles
 e - 9 arrows
Armour
 a - a +0 robe (worn)
Scrolls
 d - a scroll of identify


   Skills:
 + Level 0.3 Fighting
 + Level 0.4 Axes
 - Level 1.7 Dodging
 - Level 1.7 Stealth
 + Level 2.4 Spellcasting
 + Level 5.1 Necromancy


You had 2 spell levels left.
You knew the following spells:

 Your Spells              Type           Power      Damage    Failure   Level
a - Pain                  Necr           76%        1d7       2%          1
b - Vampiric Draining     Necr           19%        2d7       7%          3

Your spell library contained the following spells:

 Spells                   Type           Power      Damage    Failure   Level
 Animate Skeleton         Necr           38%        N/A       2%          1
 Animate Dead             Necr           9%         N/A       22%         4
 Ozocubu's Armour         Ice            2%         N/A       50%         3
 Agony                    Necr           19%        N/A       52%         5
 Metabolic Englaciation   Hex/Ice        1%         N/A       99%         5
 Simulacrum               Ice/Necr       5%         N/A       100%        6


Dungeon Overview and Level Annotations

Branches:
Dungeon (4/15)
 Temple: D:4-7

Altars:


Innate Abilities, Weirdness & Mutations

You have a pair of small antennae on your head.
You are partially covered in icy blue scales. (AC +2)


Message History

Aim: a black bear (lightly wounded)
You draw life force from the black bear!
You feel life coursing into your body.
The black bear bites you but does no damage.
The black bear claws you.
The black bear claws you but does no damage.
Casting: Vampiric Draining (quite dangerous; 7% risk of failure)
Confirm with . or Enter, or press ? or * to list all spells.
Aiming: Pain (safe; 2% risk of failure)
Press: ? - help, Shift-Dir - straight line, f/p - black bear
Aim: a black bear (heavily wounded, chance to affect: 78%)
The black bear barely resists.
The black bear bites you. The black bear completely misses you.
The black bear closely misses you.
Aiming: Pain (safe; 2% risk of failure)
Press: ? - help, Q - select action Shift-Dir - straight line, f/p - black bear
Aim: a black bear (heavily wounded, chance to affect: 78%)
The black bear writhes in agony.
The black bear closely misses you. x2; The black bear claws you.
Casting: Pain (safe; 2% risk of failure)
Confirm with . or Enter, or press ? or * to list all spells.
You don't have enough magic to cast this spell.
As you read the scroll labelled LINAMP OCULI, it crumbles to dust.
It is a scroll of identify.
You don't have any unidentified items.
The black bear bites you but does no damage.
The black bear claws you but does no damage. x2
Aiming: Pain (safe; 2% risk of failure)
Press: ? - help, Q - select action Shift-Dir - straight line, f/p - black bear
Aim: a black bear (severely wounded, chance to affect: 78%)
The black bear writhes in agony.
The black bear goes berserk!
You hit the black bear but do no damage.
The black bear is severely wounded.
The black bear closely misses you. The black bear claws you.
The black bear closely misses you. x2; The black bear claws you. x2
* * * LOW HITPOINT WARNING * * *
You barely miss the black bear.
The black bear is severely wounded.
The black bear closely misses you. The black bear claws you.
You die...

#....#####.# #.#.## #
#.#.# #.# #)#.# #.#
#.#.######.# #.#..
..##.# #.#####.##.#
#..#####.###...##.#
#.....@h........#.#####
##.#####...............
###..........)..
.........########
####.##### #.# #.# ..#
#


You could see a black bear (berserk).

Vanquished Creatures
  A dart slug (D:2)
  A ball python (D:1)
  6 endoplasms
  A giant cockroach (D:2)
  2 goblins
  5 hobgoblins (D:1)
  3 jackals (D:1)
  A quokka (D:1)
  3 bats (D:1)
  3 kobolds
  2 rats
28 creatures vanquished.

Notes
Turn   | Place    | Note
-------+----------+-------------------------------------------
     0 | D:1      | bjarki66 the Demonspawn Necromancer began the quest for the
                  | Orb.
     0 | D:1      | Reached XP level 1. HP: 13/13 MP: 3/3
   659 | D:1      | Gained mutation: You are partially covered in icy blue
                  | scales. (AC +2) [demonic ancestry]
   659 | D:1      | Reached XP level 2. HP: 6/19 MP: 3/5
  1558 | D:2      | Reached skill level 5 in Necromancy
  1599 | D:2      | Gained mutation: You have a pair of small antennae on your
                  | head. [demonic ancestry]
  1599 | D:2      | Reached XP level 3. HP: 18/24 MP: 4/6
  1839 | D:3      | Learned a level 3 spell: Vampiric Draining
  1887 | D:3      | Noticed a black bear
  1983 | D:3      | Slain by a black bear

Illustrated notes

Levels and vault maps discovered:
D:1:      lemuel_arrival_hallway, layout_basic, kennysheep_decorative_pillar
D:2:      layout_rooms, shapermc_ecumenical_altar_petra, grunt_decor_cap,
          minmay_pentomino_t4
D:3:      kennysheep_goblin_castle, layout_loops_ring, uniq_sigmund
D:4:      layout_rooms, nicolae_vehumet_radiance, zin_angel,
          grunt_temple_overflow_open, st_stairs_7, minmay_pentangle,
          uniq_crazy_yiuf_cottage, uniq_pikel, uniq_blork_the_orc

Skill      XL: |  1  2 |
---------------+-------+-----
Necromancy     | 5 |  5.1
Fighting       | |  0.3
Axes           | |  0.4
Dodging        | |  1.7
Stealth        | |  1.7
Spellcasting   | |  2.4

Action                   || total
-------------------------++-------
Melee: Hand axe          ||    32
 Cast: Pain              ||    45
       Vampiric Draining ||     1
  Use: Scroll            ||     1
Armor: Robe              ||    16
Dodge: Dodged            ||    50

Table legend: (Time is in decaauts)
 A = Elapsed time spent in this place.
 B = Non-inter-level travel time spent in this place.
 C = Inter-level travel time spent in this place.
 D = Time resting spent in this place.
 E = Time spent auto-exploring this place.
 F = Levels seen in this place.
 G = Mean time per level.
                   A        B        C        D        E       F      G
               +--------+--------+--------+--------+--------+-----+--------+
         Total |   1993 |   1993 |      0 |    769 |    330 |   4 |  498.2 |
       Dungeon |   1993 |   1993 |      0 |    769 |    330 |   4 |  498.2 |
               +--------+--------+--------+--------+--------+-----+--------+

Top non-repeatable levels by time:
     D:1: 1553 daAuts
     D:2: 273 daAuts
     D:3: 164 daAuts
     D:4: 1 daAuts
